 Dungeon Crawl Stone Soup version 0.25-a0-253-g6f1b5d974a (webtiles) character file.

Game seed: 7338117363874499368, levelgen mode: deterministic

137 floatRand the Chopper (level 5, 0/38 HPs)
             Began as a Demonspawn Gladiator on Dec 5, 2019.
             Slain by Sigmund
             ... wielding a +1 scythe of protection
              (3 damage)
             ... on level 3 of the Dungeon.
             The game lasted 00:02:44 (2040 turns).

floatRand the Chopper (Demonspawn Gladiator)        Turns: 2040, Time: 00:02:45

Health: 0/38       AC:  4    Str: 14    XL:     5   Next: 0%
Magic:  5/5        EV: 12    Int: 10    God:
Gold:   81         SH:  0    Dex: 15    Spells: 4/4 levels left

rFire    . . .     SeeInvis .   a - +0 war axe
rCold    . . .     Gourm    .   (no shield)
rNeg     . . .     Faith    .   m - +0 leather armour (curse)
rPois    .         Spirit   .   c - +0 helmet
rElec    .         Reflect  .   (no cloak)
rCorr    .         Harm     .   (no gloves)
MR       .....                  (no boots)
Stlth    +.........             (no amulet)
HPRegen  0.12/turn              (no ring)
MPRegen  0.09/turn              (no ring)

@: confused
A: claws 1, spiny 1
a: no special abilities


You were on level 3 of the Dungeon.
You were hungry.

You visited 1 branch of the dungeon, and saw 3 of its levels.

You collected 81 gold pieces.

Inventory:

Hand Weapons
 a - a +0 war axe (weapon)
Missiles
 d - 3 throwing nets (quivered)
Armour
 b - a +0 leather armour
 c - a +0 helmet (worn)
 m - a cursed +0 leather armour (worn)
Jewellery
 j - a cursed amulet of inaccuracy {unknown}
Scrolls
 e - a scroll of identify {unknown}
 i - a scroll of remove curse
 l - a scroll of enchant weapon {unknown}
 n - a scroll of noise {unknown}
Potions
 h - a potion of haste
 k - a potion of brilliance {unknown}
Comestibles
 f - 4 rations


   Skills:
 - Level 2.0 Fighting
 + Level 5.2 Axes
 - Level 1.7 Throwing
 - Level 2.6 Dodging


You had 4 spell levels left.
You didn't know any spells.
Your spell library was empty.

Dungeon Overview and Level Annotations

Branches:
Dungeon (3/15)

Altars:
Ashenzari
Ru

Annotations:
D:3 Sigmund


Innate Abilities, Weirdness & Mutations

You have sharp fingernails.
You are partially covered in sharp spines.


Message History

Sigmund hits you with a +1 scythe of protection.
* * * LOW HITPOINT WARNING * * *
You hit Sigmund but do no damage.
Sigmund is heavily wounded.
Sigmund gestures at you while chanting. You resist with some effort.
You closely miss Sigmund.
Sigmund is heavily wounded.
Sigmund is struck by your spines.
Sigmund hits you with a +1 scythe of protection.
* * * LOW HITPOINT WARNING * * *
You slash Sigmund!
Sigmund is severely wounded.
Sigmund gestures at you while chanting.
You are confused.
Unknown command.
Sigmund drinks a potion.
Sigmund is healed!
Sigmund is struck by your spines.
Sigmund hits you with a +1 scythe of protection.
You die...

..####.### #.#
#.# .!........
#.###.###
.........#
#........
........#
#####.###
#......# #.#
#......# #.#
#......# #.#
#......# #.#
##(..@.# #.#
##..@.# #.#
##...# #.#
##..###########.#
#..............#
################


You could see Sigmund.

Vanquished Creatures
  2 orc priests (D:3)
  An adder (D:2)
  An ooze (D:1)
  2 dart slugs (D:1)
  4 leopard geckos
  4 orcs
  2 giant cockroaches
  6 goblins
  6 hobgoblins
  4 jackals (D:2)
  3 kobolds (D:1)
  5 bats
  4 frilled lizards
  10 rats
54 creatures vanquished.

Notes
Turn   | Place    | Note
-------+----------+-------------------------------------------
     0 | D:1      | floatRand the Demonspawn Gladiator began the quest for the
                  | Orb.
     0 | D:1      | Reached XP level 1. HP: 16/16 MP: 1/1
    15 | D:1      | Reached skill level 3 in Axes
    24 | D:1      | Gained mutation: You are partially covered in sharp spines.
                  | [demonic ancestry]
    24 | D:1      | Reached XP level 2. HP: 21/22 MP: 2/2
   329 | D:1      | Reached XP level 3. HP: 17/27 MP: 3/3
   491 | D:1      | Found a shattered altar of Ashenzari.
   587 | D:1      | Reached skill level 4 in Axes
  1189 | D:2      | Found a sacrificial altar of Ru.
  1364 | D:2      | Reached XP level 4. HP: 28/33 MP: 4/4
  1695 | D:3      | Reached skill level 5 in Axes
  1701 | D:3      | Gained mutation: You have sharp fingernails. [demonic
                  | ancestry]
  1701 | D:3      | Reached XP level 5. HP: 13/38 MP: 5/5
  2022 | D:3      | Noticed Sigmund
  2040 | D:3      | Slain by Sigmund

Levels and vault maps discovered:
D:1:      sevenhm_arrival_forest_fort_large_4, layout_basic,
          nicolae_ashenzari_panopticon
D:2:      layout_basic, lemuel_round_altar, lemuel_crystal_altar
D:3:      layout_basic, grunt_dithmenos_smoke_and_mirrors,
          nicolae_tso_swordbearing_angel, nicolae_overflow_crystal_walls,
          uniq_sigmund

Skill      XL: |  1  2  3  4 |
---------------+-------------+-----
Axes           | 3 4 5 |  5.2
Fighting       | |  2.0
Throwing       | |  1.7
Dodging        | |  2.6

Action                   |  1- 3 |  4- 6 || total
-------------------------+-------+-------++-------
Melee: War axe           |    68 |    26 ||    94
  Use: Scroll            |     2 |       ||     2
       Potion            |       |     2 ||     2
  Eat: Chunk             |     1 |     2 ||     3
Armor: Leather armour    |    20 |     2 ||    22
       Skin              |       |     9 ||     9
Dodge: Dodged            |    44 |    12 ||    56

Table legend:
 A = Non-vault XP
 B = Vault XP
 C = Vault XP percentage of total XP
 D = Non-vault monster count
 E = Vault monster count
 F = Vault count percentage of total count
                 A         B        C        D         E       F
            +---------+---------+-------+---------+---------+-------
      Total |     197 |       0 |   0.0 |      54 |       0 |   0.0
            +---------+---------+-------+---------+---------+-------
        D:1 |      56 |       0 |   0.0 |      28 |       0 |   0.0
        D:2 |      48 |       0 |   0.0 |      20 |       0 |   0.0
        D:3 |      93 |       0 |   0.0 |       6 |       0 |   0.0
            +---------+---------+-------+---------+---------+-------
